 Dungeon Crawl Stone Soup version 0.30-a0-585-g93115170b9 (console) character file.

Game seed: 3747598089789323623

132769 toffzen the Spry (level 17, -4/190 HPs)
             Began as a Djinni Berserker on Nov 29, 2022.
             Was a High Priest of Trog.
             Slain by a naga warrior
             ... wielding a +0 long sword
              (19 damage)
             ... on level 2 of the Snake Pit on Jan 2, 2023.
             The game lasted 01:04:05 (28504 turns).

toffzen the Spry (Djinni Berserker)                Turns: 28504, Time: 01:04:05

Health: -4/190     AC: 21    Str: 30    XL:     17   Next: 70%
Gold:   3022       EV: 17    Int: 10    God:    Trog [*****.] SH: 15 Dex: 22

rFire   + + .      SeeInvis .    a - +10 trident {heavy, rElec rN++ Dex+4}
rCold   . . .      Faith    .    s - +2 kite shield {reflect}
rNeg    + + .      Spirit   .    D - +2 chain mail {Will+}
rPois   ∞          Reflect  +    i - +1 hat
rElec   +          Harm     .    c - +2 cloak
rCorr   .          Rampage  .    J - +0 pair of gloves
Will    ++...                    (boots unavailable) Stlth
                                 g - amulet of regeneration
HPRegen 1.31/turn                V - ring "Aqo Mei" {rC+ MP+9 Str+6}
MPRegen 0.00/turn                o - +6 ring of strength

@: berserking (expiring), flying, constricted, studying Maces & Flails, very
quick
A: sickness immunity, fire resistance 2, cold vulnerability 1, float, innate
caster, HP casting, extra vitality 1
a: Renounce Religion, Berserk, Trog's Hand, Brothers in Arms


You were on level 2 of the Snake Pit.
You worshipped Trog.
Trog was extremely pleased with you.
You visited 4 branches of the dungeon, and saw 25 of its levels.
You also visited: Trove.

You collected 3022 gold pieces.

Inventory:

Hand Weapons
 a - the +10 trident "Trog's Indignation" (weapon) {heavy, rElec rN++ Dex+4}
   (You found it on level 7 of the Dungeon)

   It deals dramatically more damage, but attacks with it are much slower.
   Dex:       It affects your dexterity (+4).
   rElec:     It insulates you from electricity.
   rN:        It greatly protects you from negative energy.
 b - a +2 morningstar of venom
 B - the +4 falchion "Ohyufiqu" {vamp, *Noise rElec rC+ Will+}
   (You found it on level 6 of the Dungeon)

   It occasionally heals its wielder for a portion of the damage dealt when it
   wounds a living foe.
   rC:        It protects you from cold.
   rElec:     It insulates you from electricity.
   *Noise:    It may make noises in combat.
   Will:      It increases your willpower.
 O - the +10 great mace "Caos" {heavy, rPois rF++ Will+ SInv}
   (Trog gifted it to you on level 10 of the Dungeon)

   It deals dramatically more damage, but attacks with it are much slower.
   rF:        It greatly protects you from fire.
   rPois:     It protects you from poison.
   SInv:      It lets you see invisible.
   Will:      It increases your willpower.
Missiles
 e - 271 stones (quivered)
 r - 4 throwing nets
Armour
 c - a +2 cloak (worn)
 i - a +1 hat (worn)
 s - a +2 kite shield of reflection (worn)
 D - a +2 chain mail of willpower (worn)
 J - a +0 pair of gloves (worn)
Jewellery
 f - the ring of Undoing {Ice Slay+2 SInv}
   (You found it in a treasure trove)

   [ring of ice]

   It enhances your ice magic.
   Slay:      It affects your accuracy & damage with ranged weapons and melee
   (+2).
   rF:        It makes you vulnerable to fire.
   rC:        It protects you from cold.
   SInv:      It lets you see invisible.
 g - an amulet of regeneration (around neck)
 k - the ring "Kuisson" {rN+ Will+ rCorr Int+2 Dex-4}
   (You found it in a treasure trove)

   [ring of willpower]

   Int:       It affects your intelligence (+2).
   Dex:       It affects your dexterity (-4).
   rN:        It protects you from negative energy.
   rCorr:     It protects you from acid and corrosion.
   Will:      It increases your willpower.
 o - a +6 ring of strength (right hand)
 y - an amulet of reflection
 C - the amulet of Incredulity {Acrobat MP+9}
   (You found it in a treasure trove)

   [amulet of the acrobat]

   It increases your evasion while moving and waiting.
   MP:        It affects your magic capacity (+9).
 I - a ring of resist corrosion
 K - a ring of fire
 L - the ring of Suspicion {rC+ Int+4 Dex+6 SInv}
   (You found it in a treasure trove)

   [ring of see invisible]

   Int:       It affects your intelligence (+4).
   Dex:       It affects your dexterity (+6).
   rC:        It protects you from cold.
   SInv:      It lets you see invisible.
 M - the ring of Erchirchil {rPois rCorr Dex+6}
   (You found it in a treasure trove)

   [ring of dexterity]

   Dex:       It affects your dexterity (+6).
   rPois:     It protects you from poison.
   rCorr:     It protects you from acid and corrosion.
 T - a +6 ring of strength
 V - the ring "Aqo Mei" (left hand) {rC+ MP+9 Str+6}
   (You found it on level 5 of the Lair of Beasts)

   [ring of magical power]

   Str:       It affects your strength (+6).
   rC:        It protects you from cold.
   MP:        It affects your magic capacity (+9).
 Z - a ring of fire
Wands
 m - a wand of roots (20)
 n - a wand of flame (48)
 w - a wand of acid (27)
 E - a wand of digging (6)
Scrolls
 d - 6 scrolls of teleportation
 h - 7 scrolls of identify
 j - 3 scrolls of immolation
 l - 4 scrolls of poison
 p - 6 scrolls of magic mapping
 u - 4 scrolls of torment
 v - 5 scrolls of fog
 G - 2 scrolls of blinking
 N - a scroll of summoning
 Q - a scroll of silence
 S - a scroll of enchant weapon
 U - 4 scrolls of fear
 W - 5 scrolls of enchant armour
Potions
 q - 2 potions of resistance
 t - 4 potions of might
 x - 12 potions of curing
 z - 4 potions of heal wounds
 A - 4 potions of invisibility
 F - 8 potions of mutation
 H - 4 potions of lignification
 P - a potion of haste
 R - a potion of cancellation
 Y - 3 potions of berserk rage


   Skills:
 + Level 13.4 Fighting
 - Level 6.1 Maces & Flails
 * Level 14.4 Polearms
 + Level 13.2 Armour
 + Level 16.9 Dodging
 + Level 11.0 Shields


You couldn't memorise any spells.
You knew the following spells:

 Your Spells              Type           Power      Damage    Failure   Level
a - Magic Dart            Conj           0%         1d3       95%         1
b - Scorch                Fire           0%         2d5       99%         2
c - Vampiric Draining     Necr           0%         2d6       100%        3
d - Airstrike             Air            0%         2d(0-16)  100%        4
e - Agony                 Necr           0%         N/A       100%        5
f - Lee's Rapid Deconstr  Erth           0%         3d4*      100%        5
g - Dispersal             Tloc           0%         N/A       100%        6
h - Spellforged Servitor  Conj/Summ      0%         N/A       100%        7
Your spell library was empty.


Dungeon Overview and Level Annotations

Branches:
Dungeon (15/15)            Temple (0/1) D:6            Lair (5/5) D:8
 Shoals (0/4) Lair:3        Snake (3/4) Lair:2        Slime (0/5) Lair:4
    Orc (2/2) D:10            Elf (0/3) Orc:2        Vaults (0/5) D:14
 Depths (0/4) D:15

Altars:
Cheibriados
Elyvilon
Gozag
Makhleb
Okawaru
Qazlal
Ru
Trog
Jiyva

Shops:
D:11 =   Orc:1 *   Orc:2 :[*(

Annotations:
D:14 3 runed translucent doors, Antidghioha's ghost, journeyman GrEE
Snake:3 Vashnia
Orc:2 exclusion: 2 doors


Innate Abilities, Weirdness & Mutations

You are immune to sickness and miasma.
You are immune to poison.
Your flesh is very heat resistant. (rF++)
You are vulnerable to cold. (rC-)
You float through the air rather than walking.
You learn spells naturally, not from books.
Your magical power is your life essence.
You have superior vitality. (+4 MHP)


Message History

You reflect the arrow off your +2 kite shield of reflection!
The naga sharpshooter constricts you.
* * * LOW HITPOINT WARNING * * *
You impale the naga warrior!!
The naga warrior is moderately wounded.
The naga sharpshooter mumbles some strange words.
The naga sharpshooter shoots an arrow.
The arrow hits you.
* * * LOW HITPOINT WARNING * * *
You block the naga warrior's attack.
You puncture the naga warrior!
The naga warrior is heavily wounded.
The naga sharpshooter shoots an arrow.
You reflect the arrow off your +2 kite shield of reflection!
The arrow hits the naga sharpshooter!
The naga sharpshooter spits poison at you.
Your +2 kite shield of reflection reflects the splash of poison!
The splash of poison hits the naga sharpshooter.
The naga sharpshooter constricts you.
The naga sharpshooter shoots a bolt.
The bolt hits you!!
* * * LOW HITPOINT WARNING * * *
You closely miss the naga warrior.
The naga warrior is heavily wounded.
The naga sharpshooter shoots an arrow.
The arrow hits you!
* * * LOW HITPOINT WARNING * * *
The naga warrior barely misses you.
The naga sharpshooter spits poison at you.
Your +2 kite shield of reflection reflects the splash of poison!
The splash of poison hits the naga sharpshooter.
The naga sharpshooter shoots an arrow.
The arrow completely misses you. The naga sharpshooter constricts you.
You puncture the naga warrior!
The naga warrior is severely wounded.
The naga sharpshooter no longer looks unusually strong.
The naga sharpshooter shoots a bolt.
You reflect the bolt off your +2 kite shield of reflection!
The bolt hits the naga sharpshooter!
The naga sharpshooter drains itself.
The naga sharpshooter shoots an arrow.
The arrow misses you.
The arrow completely misses the naga warrior.
The naga warrior hits you with a +0 long sword!!
You die...

.###.......## ##.....#
..#.........## #....##
.....###.....###....##
.....# ##.....#......#
#.#.## ##............####
#..}.###................#
.................##...###
#..............N)##....##
#.....[......##N@.......#
#...........###NNN......###
#...........#
#...........##
#....#.....##
##......####.# #.........##
#....### ### ..........#
##...##
..........#####...##
...###.............## ..##
###.......##...##


You could see a naga warrior (catching breath) and 4 naga sharpshooters.

Vanquished Creatures
  Frances (D:13)
  A juggernaut zombie (D:15)
  3 orc warlords
  Azrael (D:13)
  A fire dragon (D:15)
  A salamander tyrant (Snake:2)
  Erolcha (D:13)
  2 hydras
  5 catoblepae
  An ogre mage (D:15)
  4 boulder beetles
  2 dancing weapons (D:14)
  6 centaur warriors
  A tengu warrior (D:14)
  6 naga warriors
  9 two-headed ogres
  6 death yaks (Lair:5)
  7 anacondas
  4 orc high priests (Orc:2)
  2 shock serpents
  3 naga sharpshooters
  2 salamander mystics
  A skeletal warrior (D:15)
  A phantasmal warrior (D:15)
  7 mana vipers
  4 orc knights (Orc:2)
  2 naga ritualists (Snake:1)
  2 deep elf pyromancers
  A necromancer (D:15)
  A lindwurm (Lair:5)
  A shadow dragon skeleton (D:15)
  A shadow dragon zombie (D:15)
  6 orc sorcerers
  9 salamanders
  5 manticores
  7 elephants
  16 ugly things
  A sphinx skeleton (D:15)
  Maurice (D:13)
  3 cyclopes
  8 naga magi
  3 unseen horrors
  16 black mambas
  2 kobold demonologists (D:14)
  2 gargoyles
  Psyche (D:8)
  A freezing wraith (D:15)
  7 rime drakes
  17 cane toads
  8 komodo dragons
  A guardian mummy (D:15)
  5 trolls
  3 meliai (D:14)
  A polar bear (Lair:1)
  Prince Ribbit (D:9)
  13 blink frogs
  10 slime creatures
  20 dream sheep
  3 wyverns
  A vampire (D:11)
  3 shadows
  72 yaks
  4 wraiths
  4 hogs
  4 fire elementals (D:13)
  8 vampire mosquitoes
  9 basilisks
  A human (D:10)
  3 steam dragons
  Menkaure (D:7)
  5 wargs
  23 water moccasins
  22 nagas
  2 acid dragons
  4 hell hounds (D:13)
  A swamp drake (D:10)
  42 orc warriors
  4 sky beasts
  A black bear (Lair:1)
  8 wolves
  18 ogres
  4 boggarts (D:14)
  12 centaurs
  3 phantoms
  5 kobold brigands
  13 bullfrogs
  A gnoll sergeant (D:11)
  5 necrophages
  2 scorpions
  6 wights
  8 killer bees
  4 electric eels
  5 howler monkeys
  3 hounds
  5 gnoll boudas
  5 jellies
  40 orc priests
  3 iguanas
  28 orc wizards
  Natasha (thrice) (D:2)
  21 gnolls
  10 adders
  A white imp (D:6)
  4 ufetubi
  A worm (D:2)
  4 dart slugs
  126 orcs
  10 endoplasms
  2 giant cockroaches
  11 goblins
  8 hobgoblins
  4 jackals (D:4)
  3 quokkas
  10 ball pythons
  4 bats
  A frilled lizard (D:1)
  26 kobolds
  8 rats
909 creatures vanquished.

Vanquished Creatures (others)
  A centaur (D:13)
  26 fungi
  42 plants
69 creatures vanquished.

Grand Total: 978 creatures vanquished

Notes
Turn   | Place    | Note
-------+----------+-------------------------------------------
     0 | D:1      | toffzen the Djinni Berserker began the quest for the Orb.
     0 | D:1      | Reached XP level 1. HP: 20/20 MP: 0/0
   119 | D:1      | Reached XP level 2. HP: 14/25 MP: 0/0
   412 | D:1      | Reached XP level 3. HP: 30/30 MP: 0/0
   412 | D:1      | Learned a level 1 spell: Magic Dart
   686 | D:1      | Reached ** piety under Trog
   789 | D:2      | Noticed Natasha
   801 | D:2      | Killed Natasha
   802 | D:2      | Reached skill level 3 in Dodging
   802 | D:2      | Reached XP level 4. HP: 11/35 MP: 0/0
  1155 | D:2      | Reached XP level 5. HP: 27/40 MP: 0/0
  1155 | D:2      | Learned a level 2 spell: Scorch
  1553 | D:2      | Noticed Natasha
  1568 | D:2      | Killed Natasha
  1735 | D:2      | Noticed Natasha
  1748 | D:2      | Killed Natasha
  1990 | D:3      | Reached skill level 4 in Dodging
  1990 | D:3      | Reached XP level 6. HP: 46/47 MP: 0/0
  2030 | D:3      | Found an iron altar of Okawaru.
  2937 | D:3      | Reached XP level 7. HP: 52/52 MP: 0/0
  2937 | D:3      | Learned a level 3 spell: Vampiric Draining
  3054 | D:4      | Reached skill level 5 in Dodging
  3307 | D:4      | Reached *** piety under Trog
  3523 | D:4      | Found a bloodstained altar of Trog.
  3523 | D:4      | Found a stormy altar of Qazlal.
  3777 | D:4      | Reached skill level 5 in Maces & Flails
  3777 | D:4      | Reached XP level 8. HP: 54/58 MP: 0/0
  3990 | D:5      | Entered Level 5 of the Dungeon
  4144 | D:4      | Reached skill level 6 in Dodging
  4439 | D:5      | Reached skill level 5 in Fighting
  4476 | D:5      | Found a white marble altar of Elyvilon.
  4530 | D:5      | You are sucked into a shaft and drop 2 floors!
  4946 | D:6      | Found a snail-covered altar of Cheibriados.
  4974 | D:6      | Reached skill level 7 in Dodging
  5176 | D:6      | Identified the +4 falchion "Ohyufiqu" {vamp, *Noise rElec
                  | rC+ Will+}
  5327 | D:6      | Found a staircase to the Ecumenical Temple.
  5439 | D:6      | Reached skill level 5 in Armour
  5528 | D:6      | Reached XP level 9. HP: 61/65 MP: 0/0
  5528 | D:6      | Learned a level 4 spell: Airstrike
  5766 | D:7      | Identified the +10 trident "Trog's Indignation" {vorpal,
                  | rElec rN++ Dex+4}
  5809 | D:7      | Reached skill level 1 in Polearms
  5814 | D:7      | Reached skill level 8 in Dodging
  5909 | D:7      | Reached **** piety under Trog
  5927 | D:7      | Noticed Menkaure
  5932 | D:7      | Killed Menkaure
  6141 | D:7      | Found a sacrificial altar of Ru.
  6224 | D:7      | Reached skill level 9 in Dodging
  6428 | D:7      | Reached XP level 10. HP: 73/73 MP: 0/0
  6518 | D:8      | Found a staircase to the Lair.
  6601 | D:8      | Noticed a centaur warrior
  6605 | D:8      | Noticed a cyclops
  6615 | D:8      | Killed a centaur warrior
  6616 | D:8      | Reached skill level 10 in Dodging
  6620 | D:8      | Reached skill level 5 in Polearms
  6637 | D:8      | Killed a cyclops
  6768 | D:8      | Found an opulent altar of Gozag.
  6788 | D:8      | Noticed Psyche
  6808 | D:8      | Killed Psyche
  7046 | D:8      | Reached XP level 11. HP: 46/79 MP: 0/0
  7046 | D:8      | Learned a level 5 spell: Agony
  7052 | D:8      | Reached skill level 11 in Dodging
  7524 | D:9      | Identified a scroll of acquirement
  7524 | D:9      | Acquired a +2 kite shield of reflection
  7608 | D:9      | Found a burning altar of Makhleb.
  7670 | D:9      | Acquired a manual of Maces & Flails
  7670 | D:9      | Noticed Prince Ribbit
  7688 | D:9      | Killed Prince Ribbit
  7689 | D:9      | Reached skill level 1 in Shields
  7940 | D:9      | Reached ***** piety under Trog
  8212 | D:10     | Entered Level 10 of the Dungeon
  8376 | D:10     | Noticed a manticore
  8412 | D:10     | Killed a manticore
  8970 | D:10     | Identified the +10 great mace "Caos" {vorpal, rPois rF++
                  | Will+ SInv} (Trog gifted it to you on level 10 of the
                  | Dungeon)
  8970 | D:10     | Received a gift from Trog
  9000 | D:10     | Found a staircase to the Orcish Mines.
  9279 | D:11     | Reached skill level 12 in Dodging
  9457 | Lair:1   | Entered Level 1 of the Lair of Beasts
  9472 | Lair:1   | Upgraded the game from 0.30-a0-377-g5cb311bc9f to
                  | 0.30-a0-385-gfebfb9b408
  9712 | Lair:1   | Reached XP level 12. HP: 82/88 MP: 0/0
  9831 | Lair:1   | You are sucked into a shaft and drop 1 floor!
 10633 | Lair:1   | Reached skill level 13 in Dodging
 11012 | Lair:2   | Identified the +0 barding of Nuykki {rElec}
 11013 | Lair:2   | Found a staircase to the Snake Pit.
 11435 | Lair:2   | Reached skill level 5 in Shields
 12151 | Lair:3   | Reached XP level 13. HP: 83/94 MP: 0/0
 12151 | Lair:3   | Learned a level 5 spell: Lee's Rapid Deconstruction
 12433 | Lair:3   | Found a staircase to the Shoals.
 12527 | Lair:3   | Found the +8 whip "Snakebite" {venom, curare, rPois}
 12741 | Lair:3   | Reached skill level 14 in Dodging
 12915 | Lair:3   | Reached skill level 10 in Fighting
 13235 | Lair:3   | Noticed a seven-headed hydra
 13262 | Lair:3   | Killed a seven-headed hydra
 13934 | Lair:4   | Reached skill level 10 in Polearms
 14128 | Lair:4   | Reached skill level 10 in Armour
 14273 | Lair:4   | Found a staircase to the Slime Pits.
 14273 | Lair:4   | Found a viscous altar of Jiyva.
 14740 | Lair:5   | Entered Level 5 of the Lair of Beasts
 14834 | Lair:5   | Reached XP level 14. HP: 103/103 MP: 0/0
 15072 | Lair:5   | Reached ****** piety under Trog
 15178 | Lair:5   | Identified the +1 chain mail of Proximity {rCorr Int+5
                  | Dex-4}
 15281 | Lair:5   | Received a gift from Trog
 16458 | Lair:5   | Reached skill level 15 in Dodging
 17064 | Lair:5   | Identified the ring "Aqo Mei" {rC+ MP+9 Str+6}
 17221 | D:8      | Upgraded the game from 0.30-a0-385-gfebfb9b408 to
                  | 0.30-a0-451-ge042605de7
 17459 | D:11     | Received a gift from Trog
 17481 | D:11     | Reached XP level 15. HP: 105/111 MP: 0/0
 17481 | D:11     | Learned a level 6 spell: Dispersal
 17576 | D:11     | Found Xukeoj's Jewellery Shoppe.
 17675 | D:11     | Identified the +1 ring mail of Decompression {+Blink
                  | Stlth+}
 18907 | D:13     | Noticed Azrael
 18948 | D:13     | Killed Azrael
 19454 | D:13     | Noticed Erolcha
 19462 | D:13     | Killed Erolcha
 19731 | D:13     | Noticed Maurice
 19744 | D:13     | Killed Maurice
 20021 | D:13     | Noticed Frances
 20035 | D:13     | Killed Frances
 20437 | D:14     | Received a gift from Trog
 20534 | D:14     | Found a gate to the Vaults.
 20734 | D:14     | Found a runed translucent gate.
 21053 | D:14     | Found a runed translucent gate.
 21053 | D:14     | Noticed Antidghioha's ghost (journeyman GrEE)
 21054 | D:14     | Found a runed translucent gate.
 21323 | D:15     | Entered Level 15 of the Dungeon
 21375 | D:15     | Reached XP level 16. HP: 103/118 MP: 0/0
 21551 | D:15     | Found a sacrificial altar of Ru.
 21728 | D:15     | Found a staircase to the Depths.
 21995 | D:15     | Found a portal to a secret trove of treasure.
 22098 | D:15     | Reached skill level 16 in Dodging
 22438 | D:15     | You paid a toll of a +6 demon whip to enter a treasure
                  | trove
 22439 | Trove    | Entered a treasure trove
 22459 | Trove    | Identified the ring of Undoing {Ice Slay+2 SInv}
 22461 | Trove    | Identified the ring "Kuisson" {rN+ Will+ rCorr Int+2 Dex-4}
 22463 | Trove    | Identified the amulet of Incredulity {Acrobat MP+9}
 22465 | Trove    | Identified the ring of Suspicion {rC+ Int+4 Dex+6 SInv}
 22466 | Trove    | Identified the ring of Erchirchil {rPois rCorr Dex+6}
 22761 | Orc:1    | Entered Level 1 of the Orcish Mines
 22761 | Orc:1    | Found Jihidonn's General Store.
 22911 | Orc:1    | Received a gift from Trog
 23644 | Orc:2    | Entered Level 2 of the Orcish Mines
 24105 | Orc:2    | Reached skill level 10 in Shields
 24194 | Orc:2    | Received a gift from Trog
 24208 | Orc:2    | Paralysed by an orc sorcerer for 2 turns
 24342 | Orc:2    | Found a staircase to the Elven Halls.
 24604 | Orc:2    | Found Haothrari's General Store.
 24731 | Orc:2    | Found Giucacan's Antique Weapon Shoppe.
 25051 | Orc:2    | Found Gaowahuipt's Book Shoppe.
 25083 | Orc:2    | Found Peuhok's Armour Emporium.
 25408 | D:10     | Upgraded the game from 0.30-a0-451-ge042605de7 to
                  | 0.30-a0-585-g93115170b9
 25777 | Snake:1  | Entered Level 1 of the Snake Pit
 25952 | Snake:1  | Reached XP level 17. HP: 125/125 MP: 0/0
 25952 | Snake:1  | Learned a level 7 spell: Spellforged Servitor
 26197 | Snake:1  | Received a gift from Trog
 28488 | Snake:3  | Noticed Vashnia
 28504 | Snake:2  | Slain by a naga warrior

Illustrated notes

Levels and vault maps discovered:
D:1:      dpeg_arrival_ratfight, layout_basic
D:2:      layout_loops_corners, minmay_misc_feat_five, uniq_natasha
D:3:      minmay_wonky_spiral, layout_basic, okawaru_trees_2
D:4:      layout_loops_ring, gammafunk_temple_overflow_statue
D:5:      layout_gridville, elyvilon_altar_1, zin_purify
D:6:      layout_rooms, lemuel_doored_altar, minmay_temple_entry_poolview,
          minmay_quadrilaterals
D:7:      layout_rooms, kennysheep_mini_moat, uniq_menkaure
D:8:      cheibrodos_fzero, layout_basic, mainiacjoe_overflow_paths,
          hangedman_decor_opposing, uniq_psyche
D:9:      layout_irregular_city, mainiacjoe_overflow_alcove_1,
          uniq_prince_ribbit1
D:10:     layout_irregular_city, erik_orc_1, grunt_livestock
D:11:     layout_rooms, serial_shops, shop
D:12:     layout_stronghold, item_on_display_a
D:13:     layout_roguey, serial_corexii_hall, chequers_hall_statues_wall_a,
          corexii_hall_statues_u, corexii_hall_statues_deadend,
          corexii_hall_statues_i, uniq_azrael, uniq_erolcha, uniq_frances,
          uniq_maurice
D:14:     layout_long_grid, erik_vaults_1, ebering_ghost_rock_garden
D:15:     gammafunk_depths_entry_grave, layout_rooms,
          nicolae_ru_the_path_less_chosen, enter_trove_6
Lair:1:   layout_cave_pods, lemuel_fruit_fields, lemuel_fruit_tree,
          serial_bayou_shore_a
Lair:2:   layout_roguey, minmay_snake_entry_guardpost_medium, st_stairs_11
Lair:3:   minmay_guarded_unrand_snakebite, layout_cave_pods,
          minmay_shoals_entry_centaurs
Lair:4:   layout_big_grid, nicolae_slime_entry_slimehenge,
          infiniplex_staircase_pool_2
Lair:5:   evilmike_catoblepas_cave, layout_loops_ring, serial_rivers,
          chequers_serial_rivers_micro_b, chequers_serial_rivers_room_b,
          chequers_serial_rivers_micro_d, chequers_serial_rivers_large_a,
          serial_bayou_shore_b
Snake:1:  layout_basic, portal_ice_cave_entry_pillars_three, grunt_ministairs_8
Snake:2:  layout_layer_cave, serial_bayou_pond_d
Snake:3:  layout_onion_interference, nicolae_snake_single_loop,
          nicolae_snake_mages_go_home, minmay_shop_star, grunt_megastairs_2,
          uniq_vashnia
Orc:1:    nicolae_orc_accident_3, layout_caves, serial_shops, shop
Orc:2:    pubby_orc_utopia

Skill      XL: |  1  2  3  4  5  6  7  8  9 10 11 12 13 14 15 16 17 |
---------------+----------------------------------------------------+-----
Maces & Flails | 3 4 5 6 |  6.1
Dodging        | 3 4 5 7 9 10 12 13 14 15 16 | 16.9
Armour         | 3 4 5 6 7 8 9 10 11 12 13 | 13.2
Fighting       | 4 5 6 7 8 9 10 11 12 13 | 13.4
Polearms       | 3 5 7 9 10 11 12 13 14 | 14.4
Shields        | 3 5 6 8 9 10 11 | 11.0

Action                   |  1- 3 |  4- 6 |  7- 9 | 10-12 | 13-15 | 16-18 || total
-------------------------+-------+-------+-------+-------+-------+-------++-------
Melee: Mace              |    96 |   216 |    94 |       |       |       ||   406
       Punch             |     1 |     2 |     2 |       |       |       ||     5
       Flail             |       |       |   183 |       |       |       ||   183
       Trident           |       |       |    83 |   504 |  1203 |  1152 ||  2942
       Morningstar       |       |       |       |    96 |       |       ||    96
Invok: Berserk           |     2 |     5 |     5 |     1 |     9 |     8 ||    30
       Trog's Hand       |       |       |     4 |     4 |     2 |     5 ||    15
Evoke: Wand              |       |     1 |       |    17 |       |       ||    18
  Use: Scroll            |       |     3 |     4 |    16 |     3 |     7 ||    33
       Potion            |       |       |       |     2 |       |     1 ||     3
 Stab: Confused          |       |       |       |     1 |       |       ||     1
       Petrifying        |       |       |       |       |     2 |     2 ||     4
       Petrified         |       |       |       |       |     5 |     7 ||    12
Armor: Animal skin       |    16 |       |       |       |       |       ||    16
       Leather armour    |     6 |       |       |       |       |       ||     6
       Ring mail         |    13 |    95 |    97 |       |       |       ||   205
       Plate armour      |       |       |    89 |       |       |       ||    89
       Chain mail        |       |       |    25 |   243 |   282 |   216 ||   766
       Skin              |       |       |       |     5 |       |       ||     5
Dodge: Dodged            |    68 |   145 |   283 |   345 |   455 |   505 ||  1801
Block: Kite shield       |       |       |       |   292 |   583 |   627 ||  1502
       Reflection        |       |       |       |     7 |    30 |    36 ||    73

Table legend: (Time is in decaauts)
 A = Elapsed time spent in this place.
 B = Non-inter-level travel time spent in this place.
 C = Inter-level travel time spent in this place.
 D = Time resting spent in this place.
 E = Time spent auto-exploring this place.
 F = Levels seen in this place.
 G = Mean time per level.
                   A        B        C        D        E       F      G
               +--------+--------+--------+--------+--------+-----+--------+
         Total |  28666 |  27356 |   1310 |   5238 |  14572 |  26 | 1102.5 |
       Dungeon |  15443 |  14509 |    934 |   2725 |   7691 |  15 | 1029.5 |
          Lair |   8025 |   7798 |    227 |   2150 |   3784 |   5 | 1605.0 |
     Snake Pit |   2593 |   2504 |     89 |    205 |   1760 |   3 |  864.3 |
  Orcish Mines |   2507 |   2448 |     59 |    157 |   1337 |   2 | 1253.5 |
         Trove |     96 |     96 |      0 |      0 |      0 |   1 |   96.0 |
               +--------+--------+--------+--------+--------+-----+--------+

Top non-repeatable levels by time:
  Lair:5: 2268 daAuts
   Orc:2: 1649 daAuts
  Lair:1: 1592 daAuts
  Lair:4: 1462 daAuts
  Lair:3: 1432 daAuts
    D:13: 1383 daAuts
  Lair:2: 1269 daAuts
 Snake:2: 1269 daAuts
     D:2: 1264 daAuts
    D:10: 1243 daAuts
    D:12: 1202 daAuts
    D:14: 1195 daAuts
 Snake:1: 1194 daAuts
     D:4: 1178 daAuts
    D:15: 1153 daAuts
